 Dungeon Crawl Stone Soup version 0.29-a0-369-gd956c00756 (webtiles) character file.

Game seed: 7258127064438712471

56 Antichthon the Skirmisher (level 3, -6/24 HPs)
             Began as a Gargoyle Fighter on May 2, 2022.
             Mangled by Natasha (7 damage)
             ... on level 2 of the Dungeon.
             The game lasted 00:01:50 (1118 turns).

Antichthon the Skirmisher (Gargoyle Fighter)        Turns: 1118, Time: 00:01:51

Health: -6/24      AC: 14    Str: 19    XL:     3   Next: 97%
Magic:  3/3        EV:  9    Int: 10    God:
Gold:   1138       SH:  4    Dex:  9    Spells: 2/2 levels left

rFire   . . .      SeeInvis .   a - +1 flail
rCold   . . .      Faith    .   c - +0 buckler
rNeg    + . .      Spirit   .   b - +0 scale mail
rPois   ∞          Reflect  .   (no helmet)
rElec   +          Harm     .   f - +0 cloak
rCorr   .          Rampage  .   i - +2 pair of gloves
Will    .....                   (no boots)
Stlth   ..........              (no amulet)
HPRegen 0.08/turn               (no ring)
MPRegen 0.08/turn               (no ring)

@: slowed, very slow
A: sickness immunity, AC +3, negative energy resistance 1, electricity
resistance, torment resistance 1, petrification resistance
a: no special abilities


You were on level 2 of the Dungeon.
You visited 1 branch of the dungeon, and saw 2 of its levels.

You collected 1138 gold pieces.

Inventory:

Hand Weapons
 a - a +1 flail (weapon)
Armour
 b - a +0 scale mail (worn)
 c - a +0 buckler (worn)
 f - a +0 cloak (worn)
 i - a +2 pair of gloves (worn)
Scrolls
 g - a scroll of identify
 k - a scroll of teleportation {unknown}
 l - a scroll of immolation {unknown}
Potions
 d - a potion of might
 e - a potion of ambrosia
 h - a potion of heal wounds {unknown}
 j - a potion of mutation {unknown}


   Skills:
 * Level 3.8 Fighting
 * Level 2.6 Maces & Flails
 * Level 3.7 Armour
 * Level 0.5 Dodging
 * Level 3.6 Shields
 * Level 0.7 Invocations


You had 2 spell levels left.
You didn't know any spells.
Your spell library was empty.

Dungeon Overview and Level Annotations

Branches:
Dungeon (2/15)

Altars:

Annotations:
D:2 Natasha


Innate Abilities, Weirdness & Mutations

You are immune to sickness and miasma.
Your stone body is resilient. (AC +3)
You are immune to poison.
You resist negative energy. (rN+)
You are resistant to electric shocks. (rElec)
You are resistant to unholy torment.
You are immune to petrification.


Message History

Natasha is heavily wounded.
Natasha casts a spell at you. You resist with significant effort.
Natasha claws you but does no damage.
The shadow imp hits you but does no damage.
The shadow imp barely misses you. Natasha barely misses you.
You hit Natasha.
Natasha is severely wounded.
Natasha claws you but does no damage. x2; The shadow imp completely misses you.
Natasha closely misses you. You block the shadow imp's attack.
You closely miss Natasha.
Natasha is severely wounded.
Natasha claws you but does no damage.
Natasha stares at you and mumbles some strange words.
The magic dart hits you but does no damage.
The shadow imp hits you but does no damage.
Unknown command.
You barely miss Natasha.
Natasha is severely wounded.
The white imp disappears in a puff of smoke!
Natasha barely misses you. The shadow imp barely misses you.
Natasha claws you but does no damage. Natasha barely misses you.
The shadow imp gestures at you. Pain shoots through your body!
* * * LOW HITPOINT WARNING * * *
Natasha mumbles some strange words.
The shadow imp closely misses you.
Unknown command.
You barely miss Natasha.
Natasha is severely wounded.
Natasha claws you but does no damage. The shadow imp barely misses you.
You block Natasha's attack.
Unknown command.
Unknown command.
You closely miss Natasha.
Natasha is severely wounded.
Natasha closely misses you.
The crimson imp summons a swarm of flies.
You block the shadow imp's attack. Natasha barely misses you.
The shadow imp barely misses you. Natasha claws you!
You die...

############
#.5........#
#@########.# #.#
#h########.# .# #.#
#5##.......# .# #.#
#.......#### .#
#.#########+####.##.# .#
#.##..........##†##.# .#
#.##..........##.##.# .#
#.##...........#.##.#
.###.##...........#.##.#


You could see Natasha (fast), a crimson imp (summoned) and a shadow imp
(summoned).

Vanquished Creatures
  2 adders (D:2)
  4 dart slugs (D:1)
  2 endoplasms (D:1)
  2 giant cockroaches
  4 jackals (D:1)
  2 quokkas (D:1)
  2 ball pythons (D:1)
  A bat (D:1)
  3 frilled lizards (D:1)
  4 goblins (D:1)
  A kobold (D:1)
  3 rats (D:1)
30 creatures vanquished.

Notes
Turn   | Place    | Note
-------+----------+-------------------------------------------
     0 | D:1      | Antichthon the Gargoyle Fighter began the quest for the
                  | Orb.
     0 | D:1      | Reached XP level 1. HP: 14/14 MP: 1/1
   157 | D:1      | Reached XP level 2. HP: 15/19 MP: 2/2
   504 | D:1      | Reached XP level 3. HP: 24/24 MP: 3/3
   803 | D:1      | Found a faded altar of an unknown god.
   944 | D:2      | Identified a scroll of acquirement
   944 | D:2      | Acquired 1127 gold pieces
  1103 | D:2      | Noticed Natasha
  1116 | D:2      | HP: 1/24 [shadow imp/nerve-wracking pain[Natasha] (5)]
  1118 | D:2      | Mangled by Natasha

Illustrated notes

Levels and vault maps discovered:
D:1:      lemuel_arrival_muddy, layout_basic,
          dilly_ecumenical_altar_fadedgnrine, minmay_strange_pillars
D:2:      layout_basic, uniq_natasha, uniq_terence, uniq_jessica

Action                   || total
-------------------------++-------
Melee: Flail             ||    97
  Use: Scroll            ||     3
Armor: Scale mail        ||    75
Dodge: Dodged            ||    58
Block: Buckler           ||    28

Table legend: (Time is in decaauts)
 A = Elapsed time spent in this place.
 B = Non-inter-level travel time spent in this place.
 C = Inter-level travel time spent in this place.
 D = Time resting spent in this place.
 E = Time spent auto-exploring this place.
 F = Levels seen in this place.
 G = Mean time per level.
                   A        B        C        D        E       F      G
               +--------+--------+--------+--------+--------+-----+--------+
         Total |   1158 |   1151 |      7 |      0 |    843 |   2 |  579.0 |
       Dungeon |   1158 |   1151 |      7 |      0 |    843 |   2 |  579.0 |
               +--------+--------+--------+--------+--------+-----+--------+

Top non-repeatable levels by time:
     D:1: 889 daAuts
     D:2: 269 daAuts
